 Dungeon Crawl Stone Soup version 0.19.1-1-g22dce08 (webtiles) character file.

91 Lennu the Shield-Bearer (level 4, -5/35 HPs)
             Began as a Formicid Fighter on Jan 4, 2017.
             Killed by divine providence
             ... invoked by an orc priest
              (14 damage)
             ... on level 3 of the Dungeon.
             The game lasted 00:05:36 (1864 turns).

Lennu the Shield-Bearer (Formicid Fighter)          Turns: 1864, Time: 00:05:37

Health: -5/35      AC:  8    Str: 21    XL:     4   Next: 87%
Magic:  4/4        EV:  9    Int:  7    God:
Gold:   117        SH:  9    Dex: 11    Spells: 0 memorised, 3 levels left

rFire  . . .     SeeInvis +     a - +0 long sword
rCold  . . .     Gourm    .     b - +0 scale mail
rNeg   . . .     Faith    .     s - +0 shield
rPois  .         Spirit   .     (helmet unavailable)
rElec  .         Reflect  .     (no cloak)
rCorr  .         Harm     .     i - +0 pair of gloves
MR     .....                    (no boots)
Stlth  ..........               (no amulet)
                                (no ring)
                                j - +1 ring of evasion

@: no status effects
A: permanent stasis, dig shafts and tunnels, four strong arms, antennae 3
a: Dig, Shaft Self


You were on level 3 of the Dungeon.
You were not hungry.

You visited 1 branch of the dungeon, and saw 3 of its levels.

You collected 117 gold pieces.

Inventory:

Hand Weapons
 a - a +0 long sword (weapon)
Armour
 b - a +0 scale mail (worn)
 i - a +0 pair of gloves (worn)
 s - a +0 shield (worn)
Jewellery
 j - a +1 ring of evasion (left hand)
Scrolls
 c - a scroll of magic mapping {unknown}
 k - a scroll of identify {unknown}
 m - a scroll of random uselessness {unknown}
 n - 2 scrolls of enchant weapon {unknown}
 p - a scroll of immolation {unknown}
 u - a scroll of amnesia {unknown}
 v - a scroll of remove curse {unknown}
Potions
 d - a potion of might
 h - a potion of ambrosia
 o - 2 potions of curing
 q - a potion of brilliance {unknown}
 r - a potion of flight {unknown}
Comestibles
 f - 3 bread rations
 t - 9 fruits


   Skills:
 + Level 3.5 Fighting
 + Level 3.4 Long Blades
 + Level 3.7 Armour
 + Level 0.5 Dodging
 + Level 0.3 Stealth
 + Level 4.4 Shields


You had 3 spell levels left.
You didn't know any spells.

Dungeon Overview and Level Annotations

Branches:
Dungeon (3/15)

Altars:
Elyvilon


Innate Abilities, Weirdness & Mutations

You are under a permanent stasis effect.
You can dig through walls and to a lower floor.
Your four strong arms can wield two-handed weapons with a shield.
You have a pair of large antennae on your head. (SInv)


Message History

The orc priest invokes the aid of Beogh against you.
Beogh smites you!
You hear a shout!
You closely miss the orc priest.
The orc priest is heavily wounded.
The kobold hits you but does no damage.
The orc priest looks braver for a moment.
You slash the orc!
You kill the orc!
The kobold hits you.
* * * LOW HITPOINT WARNING * * *
You are too injured to fight recklessly!
You are too injured to fight recklessly!
Unknown command.
You hit the orc priest but do no damage.
The orc priest is moderately wounded.
The kobold closely misses you.
The orc priest calls down the wrath of Beogh upon you.
Beogh smites you!
You die...

####### ###.....#
##.####...#####
#........##
.....####K.#######
... { ##o)@#.....##
o....##.(#o.......#
...?..o..#.........
...................
.....#.......).....
.......##..........
......# #..........
.....# #..........
..... #..........


You could see 3 orc priests and a kobold.

Vanquished Creatures
  5 adders
  An ooze (D:2)
  2 worms (D:2)
  3 leopard geckos
  An orc (D:3)
  A giant cockroach (D:2)
  7 goblins
  4 hobgoblins
  2 jackals (D:1)
  2 bats (D:1)
  2 kobolds
  5 rats
35 creatures vanquished.

Notes
Turn   | Place    | Note
-------+----------+-------------------------------------------
     0 | D:1      | Lennu the Formicid Fighter began the quest for the Orb.
     0 | D:1      | Reached XP level 1. HP: 18/18 MP: 1/1
    64 | D:1      | Reached XP level 2. HP: 17/24 MP: 2/2
   184 | D:1      | Reached skill level 4 in Shields
   624 | D:2      | Reached XP level 3. HP: 11/29 MP: 3/3
  1216 | D:2      | Reached XP level 4. HP: 30/35 MP: 4/4
  1540 | D:2      | Found a white marble altar of Elyvilon.
  1864 | D:3      | Killed from afar by an orc priest

Skill      XL: |  1  2  3 |
---------------+----------+-----
Shields        | 4 |  4.4
Long Blades    | 3 |  3.4
Fighting       | |  3.5
Armour         | |  3.7
Dodging        | |  0.5
Stealth        | |  0.3

Action                   |  1- 3 |  4- 6 || total
-------------------------+-------+-------++-------
Melee: Long sword        |   114 |    42 ||   156
  Use: Potion            |       |     3 ||     3
  Eat: Chunk             |     1 |     1 ||     2
       Meat ration       |       |     1 ||     1
Armor: Scale mail        |    55 |    21 ||    76
Dodge: Dodged            |    41 |    24 ||    65
Block: Shield            |    67 |    26 ||    93
       Rpst.: Long sword |    12 |    10 ||    22
